 Dungeon Crawl Stone Soup version 0.30-a0-311-gf115ab0292 (webtiles) character file.

Game seed: 10879973674542122079

2112 ragingrage the Carver (level 8, -7/68 HPs)
             Began as a Demigod Gladiator on Oct 25, 2022.
             Mangled by a troll (17 damage)
             ... on level 9 of the Dungeon.
             The game lasted 00:09:10 (7272 turns).

ragingrage the Carver (Demigod Gladiator)           Turns: 7272, Time: 00:09:10

Health: -7/68      AC:  5    Str: 15    XL:     8   Next: 81%
Magic:  10/10      EV: 16    Int: 10    God:
Gold:   360        SH:  4    Dex: 23    Spells: 7/7 levels left

rFire   + . .      SeeInvis .    a - +0 long sword
rCold   + . .      Faith    .    E - +0 buckler
rNeg    . . .      Spirit   .    B - +1 robe {rC+ rF+}
rPois   .          Reflect  .    f - +0 helmet
rElec   .          Harm     .    (no cloak)
rCorr   .          Rampage  .    y - +0 pair of gloves
Will    .....                    (no boots)
Stlth   ++........               (no amulet)
HPRegen 0.31/turn                (no ring)
MPRegen 0.12/turn                (no ring)

@: no status effects
A: high MP 1, forlorn, divine attributes
a: no special abilities


You were on level 9 of the Dungeon.
You visited 1 branch of the dungeon, and saw 9 of its levels.

You collected 402 gold pieces.
You spent 42 gold pieces at shops.

Inventory:

Hand Weapons
 a - a +0 long sword (weapon)
 b - a +2 dagger of venom
Missiles
 d - 5 throwing nets
 e - 9 javelins
 k - 5 silver javelins
 t - 5 poisoned darts (quivered)
Armour
 f - a +0 helmet (worn)
 y - a +0 pair of gloves (worn)
 B - a +1 robe of resistance (worn)
 C - an orb of guile
 E - a +0 buckler (worn)
Jewellery
 h - a +4 ring of slaying
 D - a ring of protection from cold
Wands
 A - a wand of roots (13)
Scrolls
 c - 3 scrolls of enchant armour
 g - 2 scrolls of fear
 i - 3 scrolls of vulnerability
 j - 3 scrolls of magic mapping
 o - a scroll of poison {unknown}
 p - 2 scrolls of enchant weapon {unknown}
 v - 4 scrolls of identify
 x - 3 scrolls of teleportation {unknown}
 z - 2 scrolls of noise {unknown}
Potions
 l - 2 potions of curing
 m - 2 potions of lignification
 n - 2 potions of haste
 q - 3 potions of brilliance {unknown}
 r - a potion of heal wounds {unknown}
 s - a potion of resistance {unknown}
 u - 2 potions of magic {unknown}
 w - a potion of cancellation {unknown}


   Skills:
 - Level 5.0 Fighting
 + Level 8.9 Long Blades
 - Level 1.7 Throwing
 + Level 5.8 Dodging
 + Level 0.0 Shields


You had 7 spell levels left.
You didn't know any spells.
Your spell library contained the following spells:

 Spells                   Type           Power      Damage    Failure   Level
 Gell's Gravitas          Tloc           0%         N/A       83%         3
 Teleport Other           Tloc           0%         N/A       83%         3
 Passage of Golubria      Tloc           0%         N/A       99%         4
 Silence                  Hex/Air        0%         N/A       100%        5
 Dispersal                Tloc           0%         N/A       100%        6
 Lehudib's Crystal Spear  Conj/Erth      0%         10d2      100%        8


Dungeon Overview and Level Annotations

Branches:
Dungeon (9/15)             Temple (0/1) D:5
   Lair: D:8-11         Orc: D:9-12

Shops:
D:1 (   D:3 *(*   D:5 (

Annotations:
D:4 Blork the orc
D:5 exclusions: downstairs and upstairs


Innate Abilities, Weirdness & Mutations

You have an increased reservoir of magic. (+10% MP)
You shall have no god before yourself.
Your divine heritage dramatically boosts your attributes as you level up.


Message History

You hit the troll.
The troll looks as sick as possible!
The troll is lightly wounded.
The troll misses you. x2; The troll closely misses you.
Your +2 dagger of venom stops dripping with poison.
a - a +0 long sword (weapon)
You hit the troll but do no damage.
The troll is lightly wounded.
The troll barely misses you. x3
You hit the troll.
The troll is moderately wounded.
The troll barely misses you. The troll claws you! The troll closely misses you.
You hit the troll.
The troll is heavily wounded.
The troll closely misses you. The troll claws you! The troll misses you.
You closely miss the troll.
The troll is heavily wounded.
The troll bites you! The troll closely misses you. The troll misses you.
You slash the troll!
The troll is severely wounded.
The troll closely misses you. The troll claws you! x2
* * * LOW HITPOINT WARNING * * *
You hit the troll but do no damage.
The troll is severely wounded.
The troll bites you but does no damage. The troll completely misses you.
The troll barely misses you.
Your +2 dagger of venom begins to drip with poison!
b - a +2 dagger of venom (weapon)
The troll bites you but does no damage. The troll claws you.
* * * LOW HITPOINT WARNING * * *
The troll claws you!
* * * LOW HITPOINT WARNING * * *
You hit the troll.
The troll looks as sick as possible!
The troll is almost dead.
You feel better. The troll closely misses you. The troll claws you.
* * * LOW HITPOINT WARNING * * *
The troll closely misses you.
Your +2 dagger of venom stops dripping with poison.
a - a +0 long sword (weapon)
The troll bites you!
You die...

#.....## ###..#.#####..
##.......... #.......... ####
###...#######. # #..## ##.....#
###. ## ##..###......## ##...
.########## #............###....
..........####..@T(((((..........
................###...........#..
.........####...# #...........)..
##.).....# #..## #....##........
#...#...## #### ############...
.....#..# ... .###....# ... ##
##...### ... # ##....# .


You could see a troll (extremely poisoned).

Vanquished Creatures
  Grinder (D:3)
  A steam dragon (D:6)
  A water moccasin (D:6)
  A black bear (D:7)
  2 ogres
  3 necrophages
  3 scorpions
  A howler monkey (D:5)
  4 jellies
  A quasit (D:5)
  2 gnoll boudas
  3 hounds
  4 orc priests
  5 iguanas
  3 orc wizards
  6 adders
  14 gnolls
  3 shadow imps (D:5)
  3 white imps
  3 ufetubi (D:5)
  2 worms
  2 dart slugs
  27 orcs
  11 endoplasms
  7 giant cockroaches
  3 goblins
  5 hobgoblins
  9 jackals
  5 quokkas
  5 ball pythons
  5 bats (D:1)
  8 frilled lizards
  6 kobolds
  9 rats
168 creatures vanquished.

Notes
Turn   | Place    | Note
-------+----------+-------------------------------------------
     0 | D:1      | ragingrage the Demigod Gladiator began the quest for the
                  | Orb.
     0 | D:1      | Reached XP level 1. HP: 17/17 MP: 3/3
    75 | D:1      | Reached skill level 3 in Long Blades
   165 | D:1      | Found Opocuet's Weapon Boutique.
   214 | D:1      | Reached XP level 2. HP: 24/24 MP: 4/4
  1086 | D:2      | Reached XP level 3. HP: 29/29 MP: 5/5
  1115 | D:2      | Reached skill level 4 in Long Blades
  1449 | D:2      | Reached XP level 4. HP: 36/36 MP: 6/6
  1751 | D:3      | Found Apnic's General Store.
  1776 | D:3      | Found Hoeh's Armour Emporium.
  1888 | D:3      | Noticed Grinder
  1893 | D:3      | Paralysed by Grinder for 3 turns
  1906 | D:3      | Found Impuihu's Weapon Shop.
  1920 | D:3      | Paralysed by Grinder for 4 turns
  1927 | D:3      | Killed Grinder
  1928 | D:3      | Reached skill level 6 in Long Blades
  1928 | D:3      | Reached XP level 5. HP: 26/41 MP: 7/7
  2018 | D:3      | Bought a throwing net for 42 gold pieces
  2039 | D:3      | Reached XP level 6. HP: 45/48 MP: 8/8
  2456 | D:3      | Found Mawaer's General Store.
  2596 | D:4      | Reached skill level 7 in Long Blades
  2999 | D:4      | Reached XP level 7. HP: 45/55 MP: 9/9
  3326 | D:4      | Noticed Blork the orc
  3333 | D:5      | Entered Level 5 of the Dungeon
  3454 | D:5      | Found Uvimosiu's Weapon Shop.
  4256 | D:5      | Reached skill level 8 in Long Blades
  4346 | D:5      | Reached XP level 8. HP: 54/66 MP: 10/10
  4402 | D:5      | Found a staircase to the Ecumenical Temple.
  5968 | D:6      | Reached skill level 5 in Dodging
  6278 | D:6      | Reached skill level 5 in Fighting
  7076 | D:7      | Identified the +0 robe "Zirghoe" {*Corrode Drain rF+ Str+6}
  7127 | D:7      | You fall into a shaft and drop 2 floors!
  7241 | D:9      | Noticed a troll
  7272 | D:9      | Mangled by a troll

Illustrated notes

Levels and vault maps discovered:
D:1:      shiori_arrival_maze, layout_basic, serial_shops, shop,
          chequers_serial_rivers_room_a
D:2:      layout_rooms, basic_altar, hangedman_decor_push
D:3:      layout_basic, serial_shops, nicolae_shop_crystal,
          nicolae_shop_waterfront, shop_statue, nicolae_lakefront_shop,
          minmay_surrounded, uniq_grinder
D:4:      layout_cave_pods, uniq_blork_the_orc
D:5:      layout_basic, minmay_temple_entry_purple_smoke, serial_demonic,
          serial_demonic_d, serial_demonic_c, serial_demonic_a,
          serial_demonic_c, serial_shops, shop
D:6:      layout_cave_pods, grunt_ministairs_9, amethyst_killhole,
          hangedman_decor_diamond_cutter, serial_park_tiny_2
D:7:      layout_gridville, pdpol_wu_jian_five_deadly_venoms,
          mainiacjoe_overflow_small_starburst, nicolae_elevator_lobby_asterisk
D:8:      layout_basic, kennysheep_mini_moat, david_lair_shrubbed, uniq_joseph
D:9:      layout_layer_cave, lemuel_coloured_pillars_altar, david_orc_1_choice,
          uniq_psyche

Skill      XL: |  1  2  3  4  5  6  7  8 |
---------------+-------------------------+-----
Long Blades    | 3 4 6 7 8 |  8.9
Fighting       | 2 3 5 |  5.0
Dodging        | 3 4 5 |  5.8
Throwing       | |  1.7

Action                   |  1- 3 |  4- 6 |  7- 9 || total
-------------------------+-------+-------+-------++-------
Melee: Long sword        |   111 |    61 |    49 ||   221
       Punch             |     2 |       |    10 ||    12
       Dagger            |       |    52 |   297 ||   349
Throw: Throwing net      |     1 |     5 |       ||     6
       Javelin           |     1 |     8 |     1 ||    10
       Dart              |       |     8 |    17 ||    25
  Use: Scroll            |       |     3 |     2 ||     5
       Potion            |       |       |     3 ||     3
 Stab: Sleeping          |       |     1 |     3 ||     4
       Distracted        |       |     1 |     1 ||     2
Armor: Leather armour    |    42 |    18 |    52 ||   112
       Skin              |       |       |    11 ||    11
       Robe              |       |       |     8 ||     8
Dodge: Dodged            |    96 |    52 |   233 ||   381

Table legend: (Time is in decaauts)
 A = Elapsed time spent in this place.
 B = Non-inter-level travel time spent in this place.
 C = Inter-level travel time spent in this place.
 D = Time resting spent in this place.
 E = Time spent auto-exploring this place.
 F = Levels seen in this place.
 G = Mean time per level.
                   A        B        C        D        E       F      G
               +--------+--------+--------+--------+--------+-----+--------+
         Total |   7216 |   6826 |    390 |   1286 |   3963 |   9 |  801.8 |
       Dungeon |   7216 |   6826 |    390 |   1286 |   3963 |   9 |  801.8 |
               +--------+--------+--------+--------+--------+-----+--------+

Top non-repeatable levels by time:
     D:5: 1667 daAuts
     D:6: 1343 daAuts
     D:1: 1098 daAuts
     D:3: 870 daAuts
     D:4: 767 daAuts
     D:7: 708 daAuts
     D:2: 616 daAuts
     D:9: 141 daAuts
     D:8: 1 daAuts
